 Dungeon Crawl Stone Soup version 0.29-a0-234-g0dae59b3db (webtiles) character file.

Game seed: 14894162361448590084

170 avis the Skirmisher (level 5, -2/46 HPs)
             Began as a Hill Orc Transmuter on Mar 3, 2022.
             Slain by a phantom (5 damage)
             ... on level 3 of the Dungeon on Mar 4, 2022.
             The game lasted 00:14:42 (2886 turns).

avis the Skirmisher (Hill Orc Transmuter)           Turns: 2886, Time: 00:14:43

Health: -2/46      AC:  2    Str: 13    XL:     5   Next: 51%
Magic:  6/8        EV: 19    Int: 15    God:
Gold:   185        SH:  0    Dex: 16    Spells: 4/8 levels left

rFire   . . .      SeeInvis .     - Unarmed
rCold   . . .      Faith    .   (shield currently unavailable)
rNeg    . . .      Spirit   .   (body armour currently unavailable)
rPois   x          Reflect  .   (helmet currently unavailable)
rElec   .          Harm     .   (cloak currently unavailable)
rCorr   .          Rampage  .   (gloves currently unavailable)
Will    .....                   (boots currently unavailable)
Stlth   +.........              (no amulet)
HPRegen 0.15/turn               (no ring)
MPRegen 0.11/turn               (no ring)

@: spider-form
A: venomous fangs, tiny
a: End Transformation


You were on level 3 of the Dungeon.
You were a venomous arachnid creature.
You visited 1 branch of the dungeon, and saw 5 of its levels.

You collected 185 gold pieces.

Inventory:

Hand Weapons
 b - a +0 spear
 c - a +0 hunting sling
 p - a +0 short sword of protection
 q - a +0 spear
 v - a +1 dagger of electrocution
Missiles
 g - 154 stones
 n - 6 poisoned darts
Armour
 a - a +0 robe (melded)
 l - a +0 leather armour
 m - a +0 ring mail of fire resistance
 r - a +0 chain mail
 s - the +3 scale mail of Charity {rF+ rC+}
   (You found it on level 3 of the Dungeon)

   rF:        It protects you from fire.
   rC:        It protects you from cold.
 t - a +1 pair of boots (melded)
Magical Staves
 h - a staff of poison (melded)
Wands
 i - a wand of mindburst (10)
Scrolls
 k - 8 scrolls of identify {unknown}
 o - a scroll of holy word {unknown}
Potions
 d - a potion of mutation {unknown}
 e - a potion of flight {unknown}
 f - 2 potions of might {unknown}
 j - 2 potions of magic {unknown}
 u - a potion of curing {unknown}


   Skills:
 - Level 4.0 Fighting
 - Level 2.0 Dodging
 * Level 3.6 Unarmed Combat
 - Level 2.0 Spellcasting
 - Level 2.0 Transmutations
 - Level 2.0 Poison Magic


You had 4 spell levels left.
You knew the following spells:

 Your Spells              Type           Power      Damage    Failure   Level
a - Beastly Appendage     Tmut           14%        N/A       24%         1
p - Spider Form           Tmut/Pois      7%         N/A       50%         3

Your spell library contained the following spells:

 Spells                   Type           Power      Damage    Failure   Level
 Wereblood                Tmut           7%         N/A       32%         2
 Ignite Poison            Fire/Tmut/Pois 5%         N/A       58%         3
 Conjure Flame            Conj/Fire      1%         6-21      75%         3
 Ice Form                 Ice/Tmut       4%         N/A       93%         4
 Sticky Flame             Conj/Fire      1%         2d3       98%         4


Dungeon Overview and Level Annotations

Branches:
Dungeon (5/15)
 Temple: D:4-7

Altars:


Message History

The endoplasm closely misses you. The phantom hits you.
The phantom blinks!
You blink.
An orc comes into view. It is wielding a +0 club.
You barely miss the phantom.
The phantom is lightly damaged.
The phantom misses you.
You closely miss the phantom.
The phantom is lightly damaged.
The orc shouts!
The endoplasm barely misses you. The phantom closely misses you.
You barely miss the adder. The adder barely misses you.
The endoplasm freezes you.
You are frozen.
The phantom hits you.
The phantom blinks!
You blink.
A ball python comes into view.
The ball python hisses angrily.
You hit the orc.
The orc is poisoned.
The orc is lightly wounded.
A giant cockroach comes into view.
The phantom barely misses you. The orc hits you with a +0 club.
You barely miss the phantom. The adder bites you. The orc closely misses you.
The phantom closely misses you.
You hit the phantom.
The phantom is lightly damaged.
The adder misses you.
The giant cockroach waves its antennae.
The adder misses you. The endoplasm freezes you.
You are frozen.
* * * LOW HITPOINT WARNING * * *
You bite the phantom!
The phantom is moderately damaged.
The orc misses you. The phantom barely misses you.
The adder closely misses you. The phantom hits you!
* * * LOW HITPOINT WARNING * * *
The giant cockroach misses you.
A frilled lizard comes into view.
The frilled lizard hisses angrily.
The phantom hits you.
You die...

#.# #.#.## .# #.# #.#.## .#
#.# #.#... .# #.# #.####
#.. ##l# #.# #.# #..# ...#
#.# #.# #.... #..#
###.####.# #.... # #..#
#....[##.# #....#.##s.#
#.###.##.# #.....##WJ.# #.#
#....# #...SB#.#
#.###.####### #.#..S##.#
#....#....... ##......#
#.#.###.####.
#.###....######..## ##.# #.
#........# #....###.####.
####...#.#.....#.#.#.......
#####.#.###.#.....#####.


You could see a phantom, an adder, an endoplasm, a giant cockroach, a ball
python and a frilled lizard.

Vanquished Creatures
  An ogre (D:5)
  4 adders
  A dart slug (D:2)
  An orc (D:3)
  6 endoplasms
  2 giant cockroaches
  4 goblins
  5 hobgoblins
  2 jackals (D:1)
  2 quokkas
  4 ball pythons
  3 bats
  3 frilled lizards (D:1)
  4 kobolds
  3 rats (D:1)
45 creatures vanquished.

Notes
Turn   | Place    | Note
-------+----------+-------------------------------------------
     0 | D:1      | avis the Hill Orc Transmuter began the quest for the Orb.
     0 | D:1      | Reached XP level 1. HP: 16/16 MP: 3/3
   250 | D:1      | Reached skill level 2 in Fighting
   258 | D:1      | Reached XP level 2. HP: 25/25 MP: 2/4
   526 | D:1      | Reached skill level 3 in Fighting
   876 | D:1      | Reached skill level 1 in Poison Magic
   876 | D:1      | Reached XP level 3. HP: 31/31 MP: 3/5
   880 | D:1      | Learned a level 3 spell: Spider Form
  1893 | D:3      | Found a faded altar of an unknown god.
  1963 | D:3      | Reached XP level 4. HP: 34/38 MP: 3/6
  2016 | D:3      | Identified the +3 scale mail of Charity {rF+ rC+}
  2293 | D:3      | You fall into a shaft and drop 2 floors!
  2293 | D:5      | Entered Level 5 of the Dungeon
  2432 | D:5      | Noticed an ogre
  2446 | D:5      | Killed an ogre
  2447 | D:5      | Reached skill level 4 in Fighting
  2447 | D:5      | Reached XP level 5. HP: 17/46 MP: 4/8
  2505 | D:5      | Noticed a sky beast
  2866 | D:3      | Noticed a phantom
  2884 | D:3      | HP: 2/46 [phantom (9)]
  2886 | D:3      | Slain by a phantom

Illustrated notes

Levels and vault maps discovered:
D:1:      mainiacjoe_arrival_reflecting_pool, layout_rooms
D:2:      layout_basic, minmay_misc_feat_room
D:3:      layout_loops_ring, nicolae_ecumenical_oubliette, grunt_ministairs_12,
          st_stairs_14, minmay_bisected
D:4:      layout_loops_ring, minitemple, minmay_temple_entry_crystal_x,
          hellmonk_ghost_happy_afterlife, grunt_decor_fettered
D:5:      layout_basic, nicolae_sif_muna_little_library, minmay_fountain_box,
          uniq_ijyb

Skill      XL: |  1  2  3  4 |
---------------+-------------+-----
Fighting       | 2 3 4 |  4.0
Poison Magic   | 1 2 |  2.0
Transmutations | 2 |  2.0
Spellcasting   | 2 |  2.0
Dodging        | 2 |  2.0
Unarmed Combat | |  3.6

Action                   |  1- 3 |  4- 6 || total
-------------------------+-------+-------++-------
Melee: Unarmed           |    43 |    29 ||    72
       Kick              |    12 |     3 ||    15
       Headbutt          |     5 |     2 ||     7
       Staff             |    33 |    16 ||    49
       Punch             |     2 |     1 ||     3
 Cast: Beastly Appendage |    15 |     4 ||    19
       Spider Form       |    12 |     7 ||    19
Armor: Robe              |     7 |     4 ||    11
       Skin              |     1 |       ||     1
Dodge: Dodged            |    48 |    38 ||    86

Table legend: (Time is in decaauts)
 A = Elapsed time spent in this place.
 B = Non-inter-level travel time spent in this place.
 C = Inter-level travel time spent in this place.
 D = Time resting spent in this place.
 E = Time spent auto-exploring this place.
 F = Levels seen in this place.
 G = Mean time per level.
                   A        B        C        D        E       F      G
               +--------+--------+--------+--------+--------+-----+--------+
         Total |   2897 |   2738 |    159 |    988 |    998 |   5 |  579.4 |
       Dungeon |   2897 |   2738 |    159 |    988 |    998 |   5 |  579.4 |
               +--------+--------+--------+--------+--------+-----+--------+

Top non-repeatable levels by time:
     D:1: 1137 daAuts
     D:2: 792 daAuts
     D:3: 406 daAuts
     D:5: 373 daAuts
     D:4: 187 daAuts
